 Dungeon Crawl Stone Soup version 0.19-a0-1247-gdb14cb7 (webtiles) character file.

54 Promi the Conjurer (level 3, -2/20 HPs)
             Began as a Deep Elf Conjurer on Aug 27, 2016.
             Killed from afar by an orc wizard (6 damage)
             ... with a puff of flame
             ... on level 3 of the Dungeon.
             The game lasted 00:06:05 (1604 turns).

Promi the Conjurer (Deep Elf Conjurer)              Turns: 1604, Time: 00:06:06

Health: -2/20      AC:  4    Str:  2 (5)  XL:     3   Next: 66%
Magic:  3/10       EV: 13    Int: 19 (20) God:
Gold:   80         SH:  0    Dex: 14 (15) Spells: 3 memorised, 3 levels left

rFire  . . .     SeeInvis .     h - +0 dagger
rCold  + . .     Gourm    .     a - +0 robe
rNeg   . . .     Faith    .     (no shield)
rPois  .         Spirit   .     (no helmet)
rElec  .         Dismiss  .     (no cloak)
rCorr  .         Reflect  .     (no gloves)
MR     .....     Harm     .     (no boots)
Stlth  ++........               (no amulet)
                                (no ring)
                                (no ring)

@: no status effects
A: molten scales 1, blurry vision 1, cold resistance 1
a: no special abilities


You were on level 3 of the Dungeon.
You were not hungry.

You visited 1 branch of the dungeon, and saw 3 of its levels.

You collected 80 gold pieces.

Inventory:

Hand Weapons
 h - a +0 dagger (weapon)
Armour
 a - a +0 robe (worn)
Scrolls
 e - 3 scrolls of magic mapping
 j - a scroll of enchant weapon {unknown}
 k - a scroll of amnesia {unknown}
Potions
 f - 2 potions of heal wounds
 g - a potion of flight {unknown}
Books
 b - a book of Conjurations

   Spells                             Type                      Level
   a - Magic Dart                     Conjuration                  1
   b - Searing Ray                    Conjuration                  2
   c - Dazzling Spray                 Conjuration/Hexes            3
   d - Fulminant Prism                Conjuration/Hexes            4
   e - Iskenderun's Mystic Blast      Conjuration                  4
   f - Iskenderun's Battlesphere      Conjuration/Charms           5
Comestibles
 c - 3 bread rations
 d - 4 chunks of flesh
 i - a royal jelly
 q - a slice of pizza


   Skills:
 + Level 0.8 Fighting
 + Level 0.2 Short Blades
 + Level 2.9 Dodging
 + Level 2.7 Stealth
 + Level 3.5 Spellcasting
 * Level 5.0 Conjurations


You had 3 spell levels left.
You knew the following spells:

 Your Spells              Type           Power        Failure   Level  Hunger
a - Magic Dart            Conj           ###.         1%          1    None
b - Searing Ray           Conj           ###...       3%          2    ##.....
c - Dazzling Spray        Conj/Hex       ##....       17%         3    ###....


Dungeon Overview and Level Annotations

Branches:
Dungeon (3/15)

Altars:
Okawaru


Innate Abilities, Weirdness & Mutations

You are partially covered in molten scales. (AC +2)
Scrolls take you a little longer to read.
Your flesh is cold resistant. (rC+)


Message History

Confirm with . or Enter, or press ? or * to list all spells.
You don't have enough magic to cast that spell.
Unknown command.
You hit the orc wizard but do no damage.
The orc wizard is almost dead.
The orc wizard completely misses you.
You hit the orc wizard but do no damage.
The orc wizard is almost dead.
The orc wizard gestures wildly while chanting.
The orc wizard flickers and vanishes!
Deactivating autopickup; reactivate with Ctrl-A.
You hit something.
You hear some strange, mumbled words.
A puff of flame appears from out of thin air!
The puff of flame hits you!
* * * LOW HITPOINT WARNING * * *
Found a scythe.
A puff of flame appears from out of thin air!
The puff of flame hits you!
You die...

# ##.#.#.#.#.#.#.#.#.#.#.#.#.#. #
#.#.#.#.#.#.#.#.#.#o#o#.#.#.# #
##.#.#.#.#.#.#.#.#.#.#.#.#.#. #
#.#.#.#.#.#.#.#.#.#.#.#(#.#.# #
##.#.#.#.#.#.#.#.#.#.#.#.#.## #
#.#.#.#.#.....#.#+#.#.#.#.#.#
######.#.#.#.....#.#.....#.#.#.##
......#.#.#.#.....#.....#.#.#.#.#
.....#.#.#.#....@#.#.....#)#.#.##
.....+#.#.#.....#.#.#.#.#.#.#.#.
.....#.#.#..)..#.#.....#.#.#.#.
......#.#.#.....#.#.....#.#
.....#.#.#.....#.#.....#.#.
......#.#.#.#.#.#. ..).#.
.....#.#.#.#.#.#.# ..#.
.....############# ..# .....#


You could see an orc.

Vanquished Creatures
  2 worms
  2 dart slugs
  A giant gecko (D:1)
  An orc (D:3)
  3 giant cockroaches
  4 goblins (D:1)
  3 hobgoblins
  3 jackals (D:3)
  A quokka (D:3)
  3 ball pythons
  8 bats
  2 giant newts
  2 kobolds
  9 rats
44 creatures vanquished.

Notes
Turn   | Place    | Note
-------+----------+-------------------------------------------
     0 | D:1      | Promi the Deep Elf Conjurer began the quest for the Orb.
     0 | D:1      | Reached XP level 1. HP: 10/10 MP: 6/6
   189 | D:1      | Reached XP level 2. HP: 15/15 MP: 6/8
   193 | D:1      | Learned a level 2 spell: Searing Ray
   970 | D:2      | Reached XP level 3. HP: 20/20 MP: 8/10
   975 | D:2      | Learned a level 3 spell: Dazzling Spray
  1254 | D:2      | Gained mutation: You are partially covered in molten scales. (AC +2) [potion of mutation]
  1254 | D:2      | Gained mutation: Scrolls take you a little longer to read. [potion of mutation]
  1254 | D:2      | Gained mutation: Your flesh is cold resistant. (rC+) [potion of mutation]
  1507 | D:3      | Reached skill level 5 in Conjurations
  1575 | D:3      | Found an iron altar of Okawaru.
  1604 | D:3      | Killed from afar by an orc wizard

Vault maps used:
D:1:      lemuel_arrival_rhombus
D:2:      first_bread
D:3:      regret_index_temple_of_mockery, okawaru_metal_pillars_1_2

Skill      XL: |  1  2  3 |
---------------+----------+-----
Conjurations   | 5 |  5.0
Fighting       | |  0.8
Short Blades   | |  0.2
Dodging        | |  2.9
Stealth        | |  2.7
Spellcasting   | |  3.5

Action                   || total
-------------------------++-------
Melee: Dagger            ||    13
 Cast: Magic Dart        ||    70
       Searing Ray       ||     2
  Use: Potion            ||     6
       Scroll            ||     4
 Stab: Sleeping          ||     3
  Eat: Chunk             ||     2
Armor: Robe              ||     3
Dodge: Dodged            ||    24
